 Dungeon Crawl Stone Soup version 0.19-a0-1008-g4c63d25 (webtiles) character file.

91 JeffiDaFish the Grave Robber (level 4, 0/34 HPs)
             Began as a Hill Orc Necromancer on July 21, 2016.
             Slain by Natasha (8 damage)
             ... on level 3 of the Dungeon.
             The game lasted 00:21:30 (2771 turns).

JeffiDaFish the Grave Robber (Hill Orc Necromancer) Turns: 2771, Time: 00:21:31

Health: 0/34       AC:  4    Str: 10    XL:     4   Next: 57%
Magic:  21/22      EV: 12    Int: 16    God:
Gold:   121        SH:  0    Dex: 11    Spells: 2 memorised, 5 levels left

rFire  . . .     SeeInvis .     q - staff of power
rCold  . . .     Gourm    .     a - +0 robe
rNeg   . . .     Faith    .     (no shield)
rPois  .         Spirit   .     p - +2 hat
rElec  .         Dismiss  .     (no cloak)
rCorr  +         Reflect  .     (no gloves)
SustAt .         Harm     .     (no boots)
MR     .....                    (no amulet)
Stlth  ++........               (no ring)
                                d - ring of resist corrosion

@: very slightly contaminated, slowed, very slow, not resistant to hostile
enchantments, unstealthy
A: no striking features
a: no special abilities


You were on level 3 of the Dungeon.
You were not hungry.

You visited 1 branch of the dungeon, and saw 3 of its levels.

You collected 121 gold pieces.

Inventory:

Hand Weapons
 g - a +0 short sword
Armour
 a - a +0 robe (worn)
 p - a +2 hat (worn)
Magical Staves
 q - an uncursed staff of power (weapon)
Jewellery
 d - a ring of resist corrosion (left hand)
 i - an uncursed amulet of regeneration {unknown}
 t - an uncursed amulet of harm {unknown}
 u - an uncursed amulet of guardian spirit {unknown}
 v - a +2 ring of strength {unknown}
Wands
 z - a wand of lightning (2/15)
Scrolls
 e - 2 scrolls of fear
 j - 2 scrolls of blinking {unknown}
 n - 2 scrolls of remove curse {unknown}
 o - 4 scrolls of random uselessness {unknown}
 s - a scroll of immolation {unknown}
 y - a scroll of amnesia {unknown}
Potions
 f - a potion of brilliance {unknown}
 h - 2 potions of degeneration {unknown}
 k - 2 potions of curing {unknown}
 r - a potion of flight {unknown}
 w - a potion of might {unknown}
 x - a potion of mutation {unknown}
Books
 b - a book of Necromancy

   Spells                             Type                      Level
   a - Pain                           Necromancy                   1
   b - Animate Skeleton               Necromancy                   1
   c - Vampiric Draining              Necromancy                   3
   d - Regeneration                   Charms/Necromancy            3
   e - Animate Dead                   Necromancy                   4
   f - Control Undead                 Necromancy                   4
Comestibles
 c - 3 bread rations
 l - 7 chunks of flesh
 m - 2 meat rations


   Skills:
 + Level 0.5 Fighting
 + Level 2.3 Dodging
 + Level 1.6 Stealth
 + Level 0.2 Unarmed Combat
 + Level 2.1 Spellcasting
 + Level 4.9 Necromancy


You had 5 spell levels left.
You knew the following spells:

 Your Spells              Type           Power        Failure   Level  Hunger
a - Pain                  Necr           ###.         3%          1    #......
b - Animate Skeleton      Necr           N/A          3%          1    #......


Dungeon Overview and Level Annotations

Branches:
Dungeon (3/15)

Altars:
Sif Muna

Annotations:
D:3 Natasha


Message History

Natasha stares at you and mumbles some strange words.
The magic dart hits you! Natasha closely misses you.
You closely miss Natasha.
Natasha is lightly wounded.
Natasha closely misses you.
You hit Natasha but do no damage.
Natasha is lightly wounded.
Natasha barely misses you.
You hit Natasha.
Natasha is moderately wounded.
Natasha claws you!
* * * LOW HITPOINT WARNING * * *
You barely miss Natasha.
Natasha is moderately wounded.
Natasha casts a spell at you.
You feel yourself slow down.
You barely miss Natasha.
Natasha is moderately wounded.
Natasha claws you!
You die...

### #..
#.# #.#
#5#
##h#######
#.@.......
#..######.
#..# #..#
#..# #..#
#..#
####..#
#.....#


You could see Natasha and a crimson imp.

Vanquished Creatures
  3 adders
  An ooze (D:1)
  A worm (D:2)
  4 dart slugs
  An orc (D:3)
  4 bats
  2 giant cockroaches
  3 goblins
  3 hobgoblins
  4 jackals (D:1)
  9 kobolds
  A ball python (D:3)
  2 giant newts (D:2)
  2 rats
40 creatures vanquished.

Vanquished Creatures (collateral kills)
  An adder (D:2)
  A giant gecko (D:1)
2 creatures vanquished.

Vanquished Creatures (others)
  4 toadstools (D:1)
4 creatures vanquished.

Grand Total: 46 creatures vanquished

Notes
Turn   | Place    | Note
-------+----------+-------------------------------------------
     0 | D:1      | JeffiDaFish the Hill Orc Necromancer began the quest for the Orb.
     0 | D:1      | Reached XP level 1. HP: 14/14 MP: 3/3
    78 | D:1      | Learned a level 1 spell: Animate Skeleton
   417 | D:1      | Reached XP level 2. HP: 19/20 MP: 0/4
  1070 | D:1      | Reached XP level 3. HP: 18/27 MP: 1/5
  1448 | D:2      | Found a deep blue altar of Sif Muna.
  2091 | D:2      | Reached XP level 4. HP: 27/34 MP: 7/7
  2759 | D:3      | Noticed Natasha
  2771 | D:3      | Slain by Natasha

Vault maps used:
D:1:      ldierk_water_garden
D:2:      lemuel_blue_sif_altar, first_bread, serial_forest,
          infiniplex_forest_lined_room_, infiniplex_forest_clump_tiny,
          infiniplex_forest_lined_corner, infiniplex_forest_3_way,
          infiniplex_forest_clump_medium, infiniplex_forest_3_way,
          infiniplex_forest_end_1
D:3:      gammafunk_pakellas_cloud_experiment, uniq_crazy_yiuf_cottage,
          uniq_natasha

Skill      XL: |  1  2  3 |
---------------+----------+-----
Dodging        | 2 |  2.3
Spellcasting   | 2 |  2.1
Fighting       | |  0.5
Stealth        | |  1.6
Unarmed Combat | |  0.2
Necromancy     | |  4.9

Action                   |  1- 3 |  4- 6 || total
-------------------------+-------+-------++-------
Melee: Unarmed           |    15 |       ||    15
       Short sword       |    27 |       ||    27
       Staff             |     6 |    13 ||    19
 Cast: Pain              |    46 |    21 ||    67
       Animate Skeleton  |     7 |     1 ||     8
  Use: Scroll            |     1 |       ||     1
 Stab: Sleeping          |     1 |     1 ||     2
  Eat: Chunk             |     5 |     2 ||     7
Armor: Robe              |    16 |     9 ||    25
Dodge: Dodged            |    39 |    19 ||    58
